TOP OF THE 1ST |
South Florida Bulls batting - Pitching for Texas A&M Aggies : RHP Josh Ewing
|
Pitching: RHP Josh Ewing
|
|
Batting: RHB Ronnie Rogers
|
0-0: Fly out, F8 (Flyball, 8RM)
|
Batting: LHB Don Glassman
|
0-0: Called Strike 0-1: Ball 1-1: Foul Ball, location: 2F 1-2: SINGLE (Groundball, 4MD)
|
Batting: RHB Víctor Pérez
|
0-0: Called Strike 0-1: Grounds into double play, 6-4-3 (Groundball, 6M)
|
Top of the 1st over - 0 run(s), 1 hit(s), 0 error(s), 0 left on base; South Florida 0 - Texas A&M 0 |
BOTTOM OF THE 1ST |
Texas A&M Aggies batting - Pitching for South Florida Bulls : RHP Allen Steele
|
Pitching: RHP Allen Steele
|
|
Batting: RHB Irwin Robinson
|
0-0: Called Strike 0-1: Foul Ball, location: 2F 0-2: Ball 1-2: Fly out, F9 (Flyball, 9)
|
Batting: RHB Júlio Hobbs
|
0-0: Called Strike 0-1: Swinging Strike 0-2: Foul Ball, location: 2F 0-2: Ball 1-2: Strikes out swinging
|
Batting: LHB Edward Bennett
|
0-0: Ball 1-0: Foul Ball, location: 2F 1-1: Ball 2-1: SINGLE (Groundball, 34D)
|
Batting: RHB William Dyer
|
0-0: Hit by Pitch Edward Bennett to second
|
Batting: RHB Jason Lawson
|
0-0: Foul Ball, location: 2F 0-1: Called Strike 0-2: Ground out 6-3 (Groundball, 6M)
|
Bottom of the 1st over - 0 run(s), 1 hit(s), 0 error(s), 2 left on base; South Florida 0 - Texas A&M 0 |
TOP OF THE 2ND |
South Florida Bulls batting - Pitching for Texas A&M Aggies : RHP Josh Ewing
|
Batting: LHB Bill McHone
|
0-0: Swinging Strike 0-1: Called Strike 0-2: Foul Ball, location: 2F 0-2: Ball 1-2: SINGLE (Line Drive, 56D)
|
Batting: RHB Jordan Ashby
|
0-0: Called Strike 0-1: Ball 1-1: Ball 2-1: Fielders Choice at 2nd, 1-6 (Groundball, 13S)
|
Batting: LHB Roland Nelson
|
0-0: Foul Ball, location: 2F 0-1: Ball 1-1: Ball 2-1: Ball 3-1: Fly out, F8 (Flyball, 8LS)
|
Batting: RHB John Russell
|
0-0: Ball 1-0: Ball 2-0: Ball 3-0: Called Strike 3-1: Foul Ball, location: 2F 3-2: Foul Ball, location: 2F 3-2: Fly out, F9 (Flyball, 89M)
|
Top of the 2nd over - 0 run(s), 1 hit(s), 0 error(s), 1 left on base; South Florida 0 - Texas A&M 0 |
BOTTOM OF THE 2ND |
Texas A&M Aggies batting - Pitching for South Florida Bulls : RHP Allen Steele
|
Batting: RHB Daniel Pineda
|
0-0: Ball 1-0: Ball 2-0: Ball 3-0: Base on Balls
|
Batting: RHB Jack Gillespie
|
0-0: Ball 1-0: Called Strike 1-1: Foul Ball, location: 2F 1-2: Fly out, F9 (Flyball, 9S)
|
Batting: RHB Mike Tate
|
0-0: Ball 1-0: Ball Wild Pitch! Daniel Pineda to second 2-0: Called Strike 2-1: Ball 3-1: Base on Balls
|
Batting: RHB Anthony Graham
|
0-0: Foul Ball, location: 2F 0-1: Ball 1-1: Ball 2-1: Fly out, F9 (Line Drive, 89M)
|
Batting: RHB Irwin Robinson
|
0-0: Fielders Choice at 2nd, 4-6 (Groundball, 4)
|
Bottom of the 2nd over - 0 run(s), 0 hit(s), 0 error(s), 1 left on base; South Florida 0 - Texas A&M 0 |
TOP OF THE 3RD |
South Florida Bulls batting - Pitching for Texas A&M Aggies : RHP Josh Ewing
|
Batting: SHB Troy Holland
|
0-0: Fly out, F8 (Flyball, 8RM)
|
Batting: LHB Martin Ortíz
|
0-0: Called Strike 0-1: Foul Ball, location: 2F 0-2: Ground out 6-3 (Groundball, 6)
|
Batting: RHB Ronnie Rogers
|
0-0: SINGLE (Groundball, 34D)
|
Batting: LHB Don Glassman
|
0-0: Ball Ronnie Rogers is caught stealing 2nd base
|
Top of the 3rd over - 0 run(s), 1 hit(s), 0 error(s), 0 left on base; South Florida 0 - Texas A&M 0 |
BOTTOM OF THE 3RD |
Texas A&M Aggies batting - Pitching for South Florida Bulls : RHP Allen Steele
|
Batting: RHB Júlio Hobbs
|
0-0: Called Strike 0-1: Swinging Strike 0-2: Strikes out swinging
|
Batting: LHB Edward Bennett
|
0-0: Foul Ball, location: 2F 0-1: Ball 1-1: Ball 2-1: Called Strike 2-2: SINGLE (Line Drive, 9S)
|
Batting: RHB William Dyer
|
Pickoff Throw to First - Out! 0-0: Foul Ball, location: 2F 0-1: Foul Ball, location: 2F 0-2: Ball 1-2: Ball 2-2: Foul Ball, location: 2F 2-2: Single, Error in OF, E8, batter to second base
|
Batting: RHB Jason Lawson
|
0-0: Fly out, F9 (Flyball, 9S)
|
Bottom of the 3rd over - 0 run(s), 2 hit(s), 1 error(s), 1 left on base; South Florida 0 - Texas A&M 0 |
TOP OF THE 4TH |
South Florida Bulls batting - Pitching for Texas A&M Aggies : RHP Josh Ewing
|
Batting: LHB Don Glassman
|
0-0: Ball 1-0: Called Strike 1-1: Ball 2-1: Swinging Strike 2-2: Strikes out swinging
|
Batting: RHB Víctor Pérez
|
0-0: Called Strike 0-1: Ball 1-1: Foul Ball, location: 2F 1-2: Strikes out swinging
|
Batting: LHB Bill McHone
|
0-0: Called Strike 0-1: Ball 1-1: Ball 2-1: Fly out, F9 (Flyball, 9D)
|
Top of the 4th over - 0 run(s), 0 hit(s), 0 error(s), 0 left on base; South Florida 0 - Texas A&M 0 |
BOTTOM OF THE 4TH |
Texas A&M Aggies batting - Pitching for South Florida Bulls : RHP Allen Steele
|
Batting: RHB Daniel Pineda
|
0-0: Fly out, F9 (Flyball, 89D)
|
Batting: RHB Jack Gillespie
|
0-0: Foul Ball, location: 2F 0-1: Ball 1-1: Foul Ball, location: 2F 1-2: Ball 2-2: Ball 3-2: Foul Ball, location: 2F 3-2: Base on Balls
|
Batting: RHB Mike Tate
|
0-0: Swinging Strike 0-1: Ball 1-1: Foul Ball, location: 2F 1-2: Ball Jack Gillespie is caught stealing 2nd base 2-2: Strikes out looking
|
Bottom of the 4th over - 0 run(s), 0 hit(s), 0 error(s), 0 left on base; South Florida 0 - Texas A&M 0 |
TOP OF THE 5TH |
South Florida Bulls batting - Pitching for Texas A&M Aggies : RHP Josh Ewing
|
Batting: RHB Jordan Ashby
|
0-0: Ball 1-0: Ground out 6-3 (Groundball, 6)
|
Batting: LHB Roland Nelson
|
0-0: Ball 1-0: Foul Ball, location: 2F 1-1: Called Strike 1-2: Foul Ball, location: 2F 1-2: Foul Ball, location: 2F 1-2: Strikes out swinging
|
Batting: RHB John Russell
|
0-0: Called Strike 0-1: Foul Ball, location: 2F 0-2: Foul Ball, location: 2F 0-2: Ball 1-2: Fly out, F7 (Line Drive, 78S)
|
Top of the 5th over - 0 run(s), 0 hit(s), 0 error(s), 0 left on base; South Florida 0 - Texas A&M 0 |
BOTTOM OF THE 5TH |
Texas A&M Aggies batting - Pitching for South Florida Bulls : RHP Allen Steele
|
Batting: RHB Anthony Graham
|
0-0: Called Strike 0-1: Ball 1-1: SOLO HOME RUN (Flyball, 7D), Distance : 357 ft
|
Batting: RHB Irwin Robinson
|
0-0: SINGLE (Groundball, 56D)
|
Batting: RHB Júlio Hobbs
|
0-0: Ball 1-0: Ball 2-0: Ground out 5-3 (Groundball, 5S) Irwin Robinson to second
|
Batting: LHB Edward Bennett
|
0-0: Intentional Walk
|
Batting: RHB William Dyer
|
0-0: Ball 1-0: 3-RUN HOME RUN (Flyball, 7D), Distance : 356 ft
|
Batting: RHB Jason Lawson
|
0-0: Foul Ball, location: 2F 0-1: Ball 1-1: Swinging Strike 1-2: Ball 2-2: Foul Ball, location: 2F 2-2: Foul Ball, location: 2F 2-2: Ball 3-2: Ground out 4-3 (Groundball, 4M)
|
Batting: RHB Daniel Pineda
|
0-0: Ball 1-0: Fly out, F4 (Line Drive, 34)
|
Bottom of the 5th over - 4 run(s), 3 hit(s), 0 error(s), 0 left on base; South Florida 0 - Texas A&M 4 |
TOP OF THE 6TH |
South Florida Bulls batting - Pitching for Texas A&M Aggies : RHP Josh Ewing
|
Batting: SHB Troy Holland
|
0-0: Ball 1-0: Swinging Strike 1-1: Swinging Strike 1-2: Strikes out looking
|
Batting: LHB Martin Ortíz
|
0-0: Ground out 4-3 (Groundball, 4S)
|
Batting: RHB Ronnie Rogers
|
0-0: Foul Ball, location: 2F 0-1: Ground out 4-3 (Groundball, 4)
|
Top of the 6th over - 0 run(s), 0 hit(s), 0 error(s), 0 left on base; South Florida 0 - Texas A&M 4 |
BOTTOM OF THE 6TH |
Texas A&M Aggies batting - Pitching for South Florida Bulls : RHP Allen Steele
|
Pitching: RHP Steve Logan
|
|
Batting: RHB Jack Gillespie
|
0-0: Ground out 5-3 (Groundball, 5)
|
Batting: RHB Mike Tate
|
0-0: Ball 1-0: Foul Ball, location: 2F 1-1: Fly out, F8 (Flyball, 8LS)
|
Batting: RHB Anthony Graham
|
0-0: Called Strike 0-1: Ball 1-1: Swinging Strike 1-2: Strikes out swinging
|
Bottom of the 6th over - 0 run(s), 0 hit(s), 0 error(s), 0 left on base; South Florida 0 - Texas A&M 4 |
TOP OF THE 7TH |
South Florida Bulls batting - Pitching for Texas A&M Aggies : RHP Josh Ewing
|
Batting: LHB Don Glassman
|
0-0: Called Strike 0-1: Foul Ball, location: 2F 0-2: Strikes out swinging
|
Batting: RHB Víctor Pérez
|
0-0: Ball 1-0: Swinging Strike 1-1: Ball 2-1: Ball 3-1: Foul Ball, location: 2F 3-2: Strikes out swinging
|
Batting: LHB Bill McHone
|
0-0: Ball 1-0: Swinging Strike 1-1: Called Strike 1-2: Strikes out swinging
|
Top of the 7th over - 0 run(s), 0 hit(s), 0 error(s), 0 left on base; South Florida 0 - Texas A&M 4 |
BOTTOM OF THE 7TH |
Texas A&M Aggies batting - Pitching for South Florida Bulls : RHP Steve Logan
|
Batting: RHB Irwin Robinson
|
0-0: Swinging Strike 0-1: Foul Ball, location: 2F 0-2: Foul Ball, location: 2F 0-2: Ball 1-2: Ball 2-2: Strikes out swinging
|
Batting: RHB Júlio Hobbs
|
0-0: Called Strike 0-1: Ball 1-1: Called Strike 1-2: Strikes out swinging
|
Batting: LHB Edward Bennett
|
0-0: Ball 1-0: Called Strike 1-1: Ball 2-1: Foul Ball, location: 2F 2-2: Ball 3-2: Foul Ball, location: 2F 3-2: Base on Balls
|
Batting: RHB William Dyer
|
0-0: Ball 1-0: Ball 2-0: Called Strike 2-1: Ball Throwing error on steal attempt, E2 Edward Bennett to third 3-1: Base on Balls
|
Batting: RHB Jason Lawson
|
0-0: Foul Ball, location: 2F 0-1: Ball Passed Ball! Edward Bennett scores William Dyer to second 1-1: Swinging Strike 1-2: Foul Ball, location: 2F 1-2: Foul Ball, location: 2F 1-2: Foul Ball, location: 2F 1-2: Foul Ball, location: 2F 1-2: Ground out 5-3 (Groundball, 56S)
|
Bottom of the 7th over - 1 run(s), 0 hit(s), 1 error(s), 1 left on base; South Florida 0 - Texas A&M 5 |
TOP OF THE 8TH |
South Florida Bulls batting - Pitching for Texas A&M Aggies : RHP Josh Ewing
|
Pitching: LHP Daniel Holland
|
|
Batting: RHB Jordan Ashby
|
0-0: Called Strike 0-1: Ball 1-1: Foul Ball, location: 2F 1-2: SINGLE (Flyball, 8LS)
|
Batting: LHB Roland Nelson
|
0-0: Ball 1-0: Called Strike 1-1: Called Strike 1-2: Ball 2-2: Foul Ball, location: 2F 2-2: Foul Ball, location: 2F 2-2: Ball 3-2: Foul Ball, location: 2F 3-2: Base on Balls Jordan Ashby to second
|
Batting: RHB John Russell
|
0-0: Ball 1-0: Foul Ball, location: 2F 1-1: Swinging Strike 1-2: Strikes out swinging
|
Batting: SHB Troy Holland
|
0-0: Ball 1-0: Ball 2-0: Foul Ball, location: 2F 2-1: Fly out, F8 (Line Drive, 78M)
|
Batting: LHB Martin Ortíz
|
0-0: Foul Ball, location: 2F 0-1: Ball 1-1: Fly out, F8 (Flyball, 8RM)
|
Top of the 8th over - 0 run(s), 1 hit(s), 0 error(s), 2 left on base; South Florida 0 - Texas A&M 5 |
BOTTOM OF THE 8TH |
Texas A&M Aggies batting - Pitching for South Florida Bulls : RHP Steve Logan
|
Batting: RHB Daniel Pineda
|
0-0: SINGLE (Line Drive, 6D)
|
Batting: RHB Jack Gillespie
|
0-0: Fly out, F9 (Flyball, 89M)
|
Batting: RHB Mike Tate
|
0-0: Called Strike 0-1: Ground out 5-3 (Groundball, 56S) Daniel Pineda to second
|
Batting: RHB Anthony Graham
|
0-0: Ground out 6-3 (Groundball, 6M)
|
Bottom of the 8th over - 0 run(s), 1 hit(s), 0 error(s), 1 left on base; South Florida 0 - Texas A&M 5 |
TOP OF THE 9TH |
South Florida Bulls batting - Pitching for Texas A&M Aggies : LHP Daniel Holland
|
Now at 1B: Steve Hoffman
|
|
Batting: RHB Ronnie Rogers
|
0-0: Ball 1-0: Ball 2-0: Called Strike 2-1: Ball 3-1: SINGLE (Groundball, 56D)
|
Batting: LHB Don Glassman
|
0-0: Ball 1-0: Ball 2-0: Ball 3-0: Called Strike 3-1: Base on Balls Ronnie Rogers to second
|
Batting: RHB Víctor Pérez
|
0-0: Foul Ball, location: 2F 0-1: Ball 1-1: Foul Ball, location: 2F 1-2: Strikes out swinging
|
Batting: LHB Bill McHone
|
0-0: Ball 1-0: Called Strike 1-1: Ball 2-1: Foul Ball, location: 2F 2-2: Foul Ball, location: 2F 2-2: Foul Ball, location: 2F 2-2: Strikes out swinging
|
Batting: RHB Jordan Ashby
|
0-0: Called Strike 0-1: Swinging Strike 0-2: Foul Ball, location: 2F 0-2: Ball 1-2: Ball 2-2: Foul Ball, location: 2F 2-2: Strikes out swinging
|
Top of the 9th over - 0 run(s), 1 hit(s), 0 error(s), 2 left on base; South Florida 0 - Texas A&M 5 |
|